 Dungeon Crawl Stone Soup version 0.31-a0-7-g5178367 (webtiles) character file.

Game seed: 3465836412183306009

1120 Nithhogg the Trooper (level 8, -1/94 HPs)
             Began as a Hill Orc Fighter on May 5, 2023.
             Killed by an exploding scorpion (24 damage)
             ... ignited by their inner flame
             ... on level 5 of the Dungeon.
             The game lasted 00:07:29 (3406 turns).

Nithhogg the Trooper (Hill Orc Fighter)             Turns: 3406, Time: 00:07:29

Health: -1/94      AC: 28    Str: 19 (21) XL:     8   Next: 34%
Magic:  12/12      EV:  2    Int:  6 (8)  God:
Gold:   815        SH:  0    Dex:  7 (10) Spells: 7/7 levels left

rFire   . . .        a - +0 war axe
rCold   . . .        (no shield)
rNeg    . . .        b - melded +0 scale mail
rPois   +            r - melded +2 hat
rElec   .            (cloak currently unavailable)
rCorr   .            (gloves currently unavailable)
SInv    .            (boots currently unavailable)
Will    .....        (no amulet)
Stlth   +            o - +4 ring of protection
HPRegen 0.35/turn    (no ring)
MPRegen 0.13/turn

%: no passive effects
@: tree-form, weak-willed, attractive, hasted, very quick
A: stationary, stasis, torment immunity, boosted hp, frail 1, (poison
resistance)
a: no special abilities


You were on level 5 of the Dungeon.
You were a tree.
You visited 1 branch of the dungeon, and saw 5 of its levels.

You collected 815 gold pieces.

Inventory:

Hand Weapons
 a - a +0 war axe (weapon)
Armour
 b - a +0 scale mail (melded)
 c - a +0 buckler
 r - a +2 hat (melded)
Jewellery
 i - a ring of ice
 o - a +4 ring of protection (left branch)
Wands
 q - a wand of paralysis (6)
 t - a wand of digging (5)
Scrolls
 f - 3 scrolls of identify
 g - 2 scrolls of enchant weapon
Potions
 j - a potion of mutation
 w - a potion of degeneration


   Skills:
 + Level 6.8 Fighting
 + Level 6.7 Axes
 + Level 6.1 Armour
 - Level 3.2 Shields
 + Level 6.1 Invocations


You had 7 spell levels left.
You didn't know any spells.
Your spell library was empty.

Dungeon Overview and Level Annotations

Branches:
Dungeon (5/15)
 Temple: D:4-7

Altars:
Vehumet

Annotations:
D:5 Blork the orc


Innate Abilities, Weirdness & Mutations

You are a tree.
Your roots penetrate the ground, keeping you stationary.
You cannot be teleported.
You are immune to unholy pain and torment.
Your maximum health is greatly increased.
Your equipment is partially melded.
You are frail. (-10% HP)
((Your system is resistant to poisons. (rPois)))


Message History

Blork the orc hits you from afar with a +0 halberd.
* * * LOW HITPOINT WARNING * * *
It was a potion of attraction.
You feel attractive to monsters. The scorpion closely misses you.
The scorpion is attracted toward you. The jelly is attracted toward you.
The ice beast is attracted toward you.
It was a potion of lignification.
You turn into a tree.
Your +2 hat melds into your body.
Your +0 scale mail melds into your body.
Your roots penetrate the ground.
You feel strangely stable.
The scorpion is engulfed in poison gas.
The scorpion is poisoned.
Flame seeps out of the scorpion.
The scorpion stings you but does no damage.
Blork the orc hits you but does no damage.
The phantom hits you but does no damage.
The scorpion stings you.
* * * LOW HITPOINT WARNING * * *
Flame seeps out of the scorpion.
The scorpion is engulfed in poison gas.
The scorpion looks even sicker.
Flame seeps out of the scorpion.
The scorpion completely misses you.
Blork the orc hits you but does no damage.
The phantom hits you but does no damage.
You barely miss the scorpion. You hit the phantom.
Flame seeps out of the phantom.
You hit the scorpion but do no damage.
The scorpion stings you but does no damage.
The scorpion is engulfed in poison gas.
The scorpion looks even sicker.
Flame seeps out of the scorpion.
The scorpion stings you but does no damage.
Blork the orc hits you but does no damage.
The phantom is engulfed in blazing flames.
Flame seeps out of the phantom.
The phantom hits you but does no damage.
You barely miss the scorpion. You hit the scorpion but do no damage.
You closely miss the phantom.
Flame seeps out of the scorpion.
The scorpion stings you but does no damage.
The scorpion is engulfed in poison gas.
The scorpion looks as sick as possible!
The scorpion explodes!
The fiery explosion engulfs the scorpion!!
The fiery explosion engulfs you!!
You die...

..[.............#
##.###§§§.####.##.###
#.....§#☼.# #.##....
#..###§§#.# #.######
.###..###§##○####.#
........§§.§......#
......$.so##..#####
####.###WJY...... ..
#♣§#####... #§.#§#
#.. §§§#☼#§# . §§§§○
#§#☼# §§§§☼§☼ #§#☼#
☼☼§§☼§○ #§#☼# ○§§☼§☼§
#§#§ §○☼§§§§ #§ ###


You could see Blork the orc (inner flame, weak-willed), an ice beast (inner
flame, weak-willed), a phantom (inner flame, weak-willed), a scorpion (inner
flame, weak-willed) and a jelly (inner flame, weak-willed).

Vanquished Creatures
  Grinder (D:3)
  A yak (D:4)
  An ice beast (D:4)
  A black bear (D:3)
  A phantom (D:4)
  5 scorpions
  3 hounds
  Ijyb (D:3)
  An iguana (D:4)
  Terence (D:3)
  6 gnolls
  8 adders
  A shadow imp (D:5)
  A worm (D:2)
  A dart slug (D:1)
  6 orcs
  2 bats (D:1)
  5 endoplasms
  2 giant cockroaches
  2 goblins
  2 hobgoblins
  7 jackals
  4 kobolds
  3 quokkas (D:1)
  7 ball pythons
  4 frilled lizards
  5 rats
82 creatures vanquished.

Notes
Turn   | Place    | Note
-------+----------+-------------------------------------------
     0 | D:1      | Nithhogg the Hill Orc Fighter began the quest for the Orb.
     0 | D:1      | Reached XP level 1. HP: 19/19 MP: 1/1
    35 | D:1      | Found a faded altar of an unknown god.
   103 | D:1      | Reached XP level 2. HP: 27/27 MP: 2/2
   145 | D:1      | Reached skill level 1 in Invocations
   315 | D:1      | Reached XP level 3. HP: 33/33 MP: 4/4
   843 | D:2      | Reached XP level 4. HP: 16/41 MP: 5/5
  1289 | D:3      | Noticed a black bear
  1299 | D:3      | Killed a black bear
  1300 | D:3      | Reached XP level 5. HP: 37/47 MP: 5/7
  1412 | D:3      | Noticed Ijyb
  1430 | D:3      | Paralysed by Ijyb for 5 turns
  1438 | D:3      | Paralysed by Ijyb for 2 turns
  1444 | D:3      | Killed Ijyb
  1469 | D:3      | Noticed Grinder
  1480 | D:3      | Paralysed by Grinder for 3 turns
  1487 | D:3      | Killed Grinder
  1488 | D:3      | Reached skill level 5 in Fighting
  1488 | D:3      | Reached skill level 5 in Axes
  1488 | D:3      | Reached XP level 6. HP: 6/56 MP: 7/9
  1916 | D:3      | Reached skill level 5 in Armour
  2196 | D:3      | Reached XP level 7. HP: 53/61 MP: 10/10
  2263 | D:3      | Noticed Terence
  2271 | D:3      | Killed Terence
  2429 | D:4      | Identified a scroll of acquirement
  2429 | D:4      | Acquired 538 gold pieces
  2579 | D:4      | Found a radiant altar of Vehumet.
  2662 | D:4      | Reached skill level 5 in Invocations
  3124 | D:5      | Entered Level 5 of the Dungeon
  3181 | D:5      | Reached XP level 8. HP: 66/71 MP: 12/12
  3356 | D:5      | Noticed a yak
  3358 | D:5      | Noticed Blork the orc
  3367 | D:4      | Killed a yak
  3394 | D:5      | Gained mutation: You are frail. (-10% HP) [potion of
                  | mutation]
  3394 | D:5      | Gained mutation: Your system is resistant to poisons.
                  | (rPois) [potion of mutation]
  3406 | D:5      | Killed by an exploding scorpion... ignited by their inner
                  | flame

Illustrated notes

Levels and vault maps discovered:
D:1:      minmay_arrival_solitary_statue, layout_basic,
          chequers_ecumenical_altar_simple_redux,
          hangedman_abyss_or_decor_stabs, serial_park_tiny_1
D:2:      layout_rooms
D:3:      layout_loops_ring, uniq_ijyb, uniq_terence, uniq_grinder
D:4:      layout_basic, old_standard_altar
D:5:      layout_loops_ring, temple_pool_b, minmay_circle_x, uniq_blork_the_orc

Skill      XL: |  1  2  3  4  5  6  7  8 |
---------------+-------------------------+-----
Axes           | 3 4 5 6 |  6.7
Invocations    | 1 2 3 4 5 6 |  6.1
Fighting       | 4 5 6 |  6.8
Armour         | 4 5 6 |  6.1
Shields        | |  3.2

Action                     |  1- 3 |  4- 6 |  7- 9 || total
---------------------------+-------+-------+-------++-------
  Melee: War axe           |   102 |   106 |   136 ||   344
         Punch             |       |       |     1 ||     1
    Use: Potion            |       |     1 |    11 ||    12
         Scroll            |       |       |     9 ||     9
   Stab: Invisible         |       |       |     1 ||     1
 Armour: Scale mail        |    54 |    54 |    96 ||   204
         Skin              |       |       |    10 ||    10
  Dodge: Dodged            |    69 |    72 |    78 ||   219

Table legend: (Time is in decaauts)
 A = Elapsed time spent in this place.
 B = Non-inter-level travel time spent in this place.
 C = Inter-level travel time spent in this place.
 D = Time resting spent in this place.
 E = Time spent auto-exploring this place.
 F = Levels seen in this place.
 G = Mean time per level.
                   A        B        C        D        E       F      G
               +--------+--------+--------+--------+--------+-----+--------+
         Total |   3494 |   3420 |     74 |      0 |   2699 |   5 |  698.8 |
       Dungeon |   3494 |   3420 |     74 |      0 |   2699 |   5 |  698.8 |
               +--------+--------+--------+--------+--------+-----+--------+

Top non-repeatable levels by time:
     D:3: 1165 daAuts
     D:4: 742 daAuts
     D:2: 719 daAuts
     D:1: 606 daAuts
     D:5: 259 daAuts
